 Dungeon Crawl Stone Soup version 0.18-a0-1121-gb454403 (webtiles) character file.

11081 ThermosAquaticus the Cleaver (level 12, 0/89 HPs)
             Began as a Formicid Abyssal Knight on Jan 18, 2016.
             Was a High Priest of Lugonu.
             Slain by a cyclops (27 damage)
             ... on level 11 of the Dungeon.
             The game lasted 00:56:50 (17161 turns).

ThermosAquaticus the Cleaver (FoAK)                Turns: 17161, Time: 00:56:51

Health: 0/89       AC:  9    Str: 19    XL:     12   Next: 3%
Magic:  15/15      EV: 16    Int: 13    God:    Lugonu [*****.]
Gold:   580        SH:  7    Dex: 12    Spells: 0 memorised, 11 levels left

rFire  . . .     SeeInvis +     z - +0 war axe
rCold  . . .     Gourm    .     o - +0 ring mail
rNeg   . . .     Faith    .     X - +0 buckler
rPois  .         Spirit   .     (helmet unavailable)
rElec  .         Dismiss  .     f - +0 cloak
rCorr  .         Reflect  +     m - +1 pair of gloves
SustAt .         Harm     .     (no boots)
MR     ++...                    B - +2 amulet of reflection
Stlth  +.........               u - +4 ring of evasion
                                n - ring of protection from magic

@: drained, very resistant to hostile enchantments, very unstealthy
A: permanent stasis, dig shafts and tunnels, four strong arms, antennae 3
a: Dig, Shaft Self, Depart the Abyss, Bend Space, Banish, Corrupt, Enter the
Abyss, Renounce Religion


You were on level 11 of the Dungeon.
You worshipped Lugonu.
Lugonu was extremely pleased with you.
You were not hungry.

You visited 1 branch of the dungeon, and saw 11 of its levels.
You visited the Abyss 1 time.
You also visited: Sewer.

You collected 724 gold pieces.
You spent 144 gold pieces at shops.

Inventory:

Hand Weapons
 z - a +0 war axe (weapon)
 J - a +0 battleaxe
 S - a +0 blowgun
Missiles
 i - 53 stones (quivered)
 s - 8 curare-tipped needles
 t - 80 poisoned needles
Armour
 f - a +0 cloak (worn)
 m - a +1 pair of gloves (worn)
 o - a +0 ring mail (worn)
 p - a +0 scale mail
 X - a +0 buckler (worn)
Jewellery
 b - the ring of Nimoptyi {+Inv rElec MP+9 Dex+3}
   (You found it on level 10 of the Dungeon)

   [ring of magical power]

   It affects your dexterity (+3).
   It insulates you from electricity.
   It affects your magic capacity (+9).
   It lets you turn invisible.
 l - an uncursed amulet of guardian spirit {unknown}
 n - a ring of protection from magic (left hand)
 u - a +4 ring of evasion (right hand)
 B - a +2 amulet of reflection (around neck)
 P - an uncursed ring of positive energy {unknown}
 T - an uncursed amulet of magic regeneration {unknown}
 W - an uncursed amulet of faith {unknown}
Wands
 v - a wand of frost (12/48)
 M - a wand of polymorph (9/24)
 N - a wand of random effects (20/48)
 Q - a wand of cold (7/15)
 R - a wand of digging (7/24)
 V - a wand of enslavement (4/24)
Scrolls
 a - a scroll of fog {unknown}
 g - 2 scrolls of amnesia
 h - 3 scrolls of remove curse
 r - 2 scrolls of fear {unknown}
 y - 3 scrolls of blinking {unknown}
Potions
 d - 5 potions of might
 e - a potion of mutation {unknown}
 j - 4 potions of curing
 k - 2 potions of flight
 q - a potion of resistance
 w - 2 potions of agility
 x - 2 potions of brilliance
 A - a potion of ambrosia
 C - a potion of lignification
 D - a potion of cancellation
 Z - a potion of heal wounds
Books
 G - a book of Spatial Translocations

   Spells                             Type                      Level
   a - Apportation                    Translocation                1
   b - Blink                          Translocation                2
   c - Shroud of Golubria             Charms/Translocation         2
   d - Portal Projectile              Translocation                3
   e - Teleport Other                 Translocation                3
   f - Passage of Golubria            Translocation                4
 K - a book of Alchemy

   Spells                             Type                      Level
   a - Sublimation of Blood           Necromancy                   2
   b - Ignite Poison                  Fire/Transmutation/Poison    3
   c - Condensation Shield            Ice                          4
   d - Petrify                        Transmutation/Earth          4
   e - Alistair's Intoxication        Transmutation/Poison         5
   f - Irradiate                      Conjuration/Transmutation    5
 O - a book of the Sky

   Spells                             Type                      Level
   a - Summon Lightning Spire         Summoning/Air                4
   b - Airstrike                      Air                          4
   c - Silence                        Hexes/Air                    5
   d - Deflect Missiles               Charms/Air                   6
   e - Conjure Ball Lightning         Conjuration/Air              6
   f - Tornado                        Air                          9
 U - a book of the Dragon

   Spells                             Type                      Level
   a - Flame Tongue                   Conjuration/Fire             1
   b - Cause Fear                     Hexes                        4
   c - Bolt of Fire                   Conjuration/Fire             6
   d - Dragon Form                    Transmutation                7
   e - Dragon's Call                  Summoning                    9
Comestibles
 c - 11 bread rations
 E - 13 fruits
 F - 7 chunks of flesh
 I - a slice of pizza
 L - 7 beef jerkies
 Y - 2 meat rations


   Skills:
 + Level 6.9(6.0) Fighting
 - Level 14.0(12.9) Axes
 - Level 6.6(5.7) Armour
 - Level 5.0(4.1) Dodging
 + Level 5.5(4.7) Shields
 - Level 4.2(3.4) Invocations


You had 11 spell levels left.
You didn't know any spells.

Dungeon Overview and Level Annotations

Branches:
Dungeon (11/15)            Temple (0/1) D:7            Lair (0/8) D:9
    Orc (0/2) D:10

Altars:
Gozag
Kikubaaqudgha
Makhleb
Okawaru
Sif Muna
Trog
Vehumet

Shops:
D:4 =   D:9 !

Annotations:
Abyss:1 Erolcha, Josephine


Innate Abilities, Weirdness & Mutations

You are under a permanent stasis effect.
You can dig through walls and to a lower floor.
Your four strong arms can wield two-handed weapons with a shield.
You have a pair of large antennae on your head (SInv).


Message History

The cyclops is heavily wounded.
The cyclops hits you.
You hit the cyclops.
The cyclops is severely wounded.
You slash the cyclops!
The cyclops is severely wounded.
The cyclops hits you but does no damage.
You hit the cyclops.
The cyclops is almost dead.
You block the cyclops's attack.
You hit the cyclops.
The cyclops is almost dead.
Some of the chunks of flesh in your inventory have rotted away.
You hit the cyclops but do no damage.
The cyclops is almost dead.
The cyclops hits you!!
You hit the cyclops but do no damage.
The cyclops is almost dead.
The cyclops hits you!!
You die...

..{......,+,*** #..# ###'##
..{......,*** ##.# #.##
#(#####**** #(# #..# #.C...###
#(### ##.. ........# #.(.#
######## ........# #####)###
#....... ........#
#####...))).###..<....
........####...C.......#.........
.............###@$.....#.#.......
........###### #......>'.#.......
........# #.......##########
........# ##+###### ## ....^?..#
#.# #. ####.#### #.# #. #.### #.#
#. #...# #.# #. ###.## #.# ####'


You could see a cyclops.

Vanquished Creatures
  Sonja (D:10)
  Pikel (D:6)
  A gargoyle (D:9)
  The ghost of Chiseanne the Skirmisher, an amateur CeAE (D:4)
  A troll (D:9)
  A yak (D:8)
  4 wraiths (D:10)
  A wyvern (D:9)
  A hungry ghost (D:8)
  A hippogriff (D:8)
  Edmund (D:5)
  2 wolves (D:9)
  5 ice beasts
  5 orc warriors
  2 slaves (D:6)
  3 sky beasts
  7 ogres
  2 phantoms
  7 centaurs
  2 necrophages (D:8)
  4 big kobolds
  9 giant frogs
  6 scorpions
  5 killer bees (D:11)
  An electric eel (D:9)
  15 wights
  2 centaur zombies (D:8)
  4 crimson imps
  A quasit (D:8)
  A giant frog zombie (D:11)
  3 jellies
  11 orc wizards
  12 hounds
  2 orc priests
  Jessica (D:2)
  A gnoll shaman (D:5)
  An iguana (D:5)
  Terence (D:2)
  A giant frog skeleton (D:11)
  7 worker ants
  A sheep (D:11)
  A hound zombie (D:8)
  3 hound skeletons
  11 adders
  9 gnolls
  2 river rats
  A shadow imp (D:11)
  3 oozes
  2 worms
  An adder skeleton (D:4)
  4 giant geckos
  36 orcs
  2 ball pythons
  2 giant cockroaches
  6 goblins
  13 hobgoblins
  13 jackals
  9 quokkas
  8 bats
  2 giant newts
  A jackal skeleton (D:8)
  13 kobolds
  A quokka zombie (D:9)
  12 rats
293 creatures vanquished.

Vanquished Creatures (others)
  The ghost of Chiseanne the Fighter, a novice CeAE (D:6)
  An orc warrior (D:8)
  A sky beast (D:5)
  A centaur (D:5)
  An electric eel (D:9)
5 creatures vanquished.

Grand Total: 298 creatures vanquished

Notes
Turn   | Place    | Note
--------------------------------------------------------------
     0 | Abyss:1  | ThermosAquaticus the Formicid Abyssal Knight began the quest for the Orb.
     0 | Abyss:1  | Reached XP level 1. HP: 18/18 MP: 2/2
    53 | Abyss:1  | Noticed a large abomination
    54 | D:1      | Escaped the Abyss
   326 | D:1      | Reached * piety under Lugonu
   326 | D:1      | Reached XP level 2. HP: 21/24 MP: 3/3
   577 | D:1      | You fall through a shaft!
   577 | D:2      | Noticed Jessica
   581 | D:2      | Killed Jessica
   581 | D:2      | Reached XP level 3. HP: 18/29 MP: 4/4
  1395 | D:2      | Reached XP level 4. HP: 35/35 MP: 5/5
  1430 | D:2      | Reached skill level 4 in Axes
  1778 | D:2      | Noticed Terence
  1784 | D:2      | You fall through a shaft!
  1979 | D:3      | HP: 1/35 [river rat (9)]
  2051 | D:3      | Found a glowing drain.
  2055 | Sewer    | Entered a sewer
  2293 | Sewer    | Noticed a big kobold
  2301 | Sewer    | Reached ** piety under Lugonu
  2355 | Sewer    | Killed a big kobold
  2355 | Sewer    | Reached skill level 5 in Axes
  2355 | Sewer    | Reached XP level 5. HP: 30/41 MP: 6/6
  2570 | Sewer    | Found a white marble altar of Elyvilon.
  2854 | D:3      | Reached XP level 6. HP: 47/47 MP: 7/7
  3096 | D:4      | Found Wattag's Jewellery Shop.
  3159 | D:4      | Reached skill level 6 in Axes
  4210 | D:2      | Killed Terence
  4622 | D:4      | Noticed Chiseanne's ghost (amateur CeAE)
  4853 | D:4      | Killed Chiseanne's ghost
  4853 | D:4      | Reached skill level 7 in Axes
  4853 | D:4      | Reached XP level 7. HP: 37/52 MP: 8/8
  4888 | D:4      | Reached *** piety under Lugonu
  5121 | D:3      | Reached skill level 8 in Axes
  5347 | D:4      | Found an iron altar of Okawaru.
  5382 | D:5      | Entered Level 5 of the Dungeon
  5472 | D:5      | Found a burning altar of Makhleb.
  5522 | D:5      | Reached XP level 8. HP: 20/58 MP: 10/10
  5728 | D:5      | Noticed Edmund
  5763 | D:5      | Killed Edmund
  6090 | D:5      | Reached skill level 9 in Axes
  7154 | D:5      | Found an ancient bone altar of Kikubaaqudgha.
  7344 | D:6      | Noticed Chiseanne's ghost (novice CeAE)
  7427 | D:6      | Found a bloodstained altar of Trog.
  7613 | D:6      | Reached XP level 9. HP: 50/66 MP: 12/12
  7723 | D:6      | Reached skill level 5 in Fighting
  7793 | D:6      | Reached skill level 1 in Dodging
  8080 | D:6      | Banished Chiseanne's ghost
  8080 | D:6      | Reached skill level 10 in Axes
  8463 | D:6      | Noticed Pikel
  8480 | D:6      | Killed Pikel
  8480 | D:6      | Reached skill level 11 in Axes
  8577 | D:6      | Reached XP level 10. HP: 70/74 MP: 13/13
  9477 | D:7      | Found a staircase to the Ecumenical Temple.
 10091 | D:7      | Found a deep blue altar of Sif Muna.
 10109 | D:7      | Reached skill level 12 in Axes
 10536 | D:7      | Reached skill level 5 in Dodging
 10722 | D:8      | Found a radiant altar of Vehumet.
 11209 | D:8      | Noticed Erolcha
 11210 | D:8      | Banished Erolcha
 11333 | D:8      | Reached **** piety under Lugonu
 11826 | D:8      | Reached skill level 13 in Axes
 12022 | D:8      | Reached XP level 11. HP: 79/79 MP: 14/14
 12125 | D:8      | Reached skill level 5 in Armour
 12844 | D:9      | Found an opulent altar of Gozag.
 13137 | D:9      | Found a staircase to the Lair.
 13895 | D:9      | Reached ***** piety under Lugonu
 14052 | D:9      | Found Atruro's Distillery.
 14059 | D:9      | Bought a potion of heal wounds for 80 gold pieces
 14059 | D:9      | Bought a potion of agility for 64 gold pieces
 14362 | D:9      | Reached skill level 14 in Axes
 14413 | D:9      | Reached skill level 1 in Shields
 14806 | D:10     | Entered Level 10 of the Dungeon
 14807 | D:10     | Found a staircase to the Orcish Mines.
 14834 | D:10     | Noticed Sonja
 14850 | D:10     | Killed Sonja
 15140 | D:10     | Got a warped amber ring
 15538 | D:10     | Noticed Josephine
 15547 | D:10     | Banished Josephine
 15626 | D:10     | Identified the ring of Nimoptyi {+Inv rElec MP+9 Dex+3} (You found it on level 10 of the Dungeon)
 16686 | D:11     | Reached skill level 5 in Shields
 16876 | D:11     | Reached XP level 12. HP: 81/89 MP: 15/15
 17161 | D:11     | Slain by a cyclops

Vault maps used:
D:1:      lightli_arrival_lavapool
D:2:      serial_co_window_serial, co_window_paths_a, co_window_cross_1,
          co_window_paths_a, co_window_corner_a, co_window_corner_a,
          co_window_corner_b, co_window_paths_c, co_window_unsneaky_path_b,
          co_window_unsneaky_path_a, glass_columns_a, glass_columns_b,
          glass_columns_a, glass_columns_c, uniq_jessica, uniq_terence
D:3:      gup_sewer_entry_bowl
D:4:      okawaru_gym_becter, first_bread, serial_shops, shop
D:5:      kennysheep_mini, basic_altar, uniq_edmund
D:6:      basic_altar, uniq_pikel
D:7:      kennysheep_orc_sif_temple, minmay_temple_entry_large_hall,
          grunt_ogre_cave
D:8:      minmay_quarter_circles, vehumet_crystals, uniq_erolcha
D:9:      lemuel_upstairs_altar, nicolae_overflow_hidden_temple,
          erik_lair_island, serial_shops, nicolae_shop_crystal
D:10:     orc_0_dummy, uniq_josephine, uniq_sonja
Sewer:    sewer_kobolds

Action                   |  1- 3 |  4- 6 |  7- 9 | 10-12 || total
-------------------------+-------+-------+-------+-------++-------
Melee: Hand axe          |    64 |   327 |   205 |       ||   596
       War axe           |       |       |   144 |   910 ||  1054
Throw: Stone             |       |       |     2 |       ||     2
Invok: Depart the Abyss  |     1 |       |       |       ||     1
       Banish            |       |       |     4 |     4 ||     8
 Abil: Shaft Self        |       |     1 |       |       ||     1
Evoke: Wand              |       |       |     4 |       ||     4
  Use: Potion            |       |     7 |     2 |     1 ||    10
       Scroll            |       |     6 |     4 |    10 ||    20
  Eat: Chunk             |     2 |    10 |     5 |    28 ||    45
       Meat ration       |       |       |     2 |       ||     2
       Pizza             |       |       |     1 |     1 ||     2
       Fruit             |       |       |     1 |       ||     1
